 Dungeon Crawl Stone Soup version 0.30-a0-793-g160f7cfddd (webtiles) character file.

Game seed: 5637551820588500624

16 Farfigtubin the Sneak (level 2, -3/18 HPs)
             Began as a Kobold Brigand on Feb 19, 2023.
             Slain by a black bear (5 damage)
             ... on level 5 of the Dungeon.
             The game lasted 00:04:22 (500 turns).

Farfigtubin the Sneak (Kobold Brigand)               Turns: 500, Time: 00:04:22

Health: -3/18      AC:  2    Str:  8    XL:     2   Next: 75%
Magic:  2/2        EV: 14    Int: 12    God:
Gold:   84         SH:  0    Dex: 16    Spells: 1/1 levels left

rFire   . . .      SeeInvis .    a - +2 dagger
rCold   . . .      Faith    .    (no shield)
rNeg    . . .      Spirit   .    b - +0 robe
rPois   .          Reflect  .    (no helmet)
rElec   .          Harm     .    i - scarf {+Inv}
rCorr   .          Rampage  .    (no gloves)
Will    .....                    (no boots)
Stlth   ++++                     (no amulet)
HPRegen 0.23/turn                (no ring)
MPRegen 0.08/turn                (no ring)

@: no status effects
A: small, no large weapons, nightstalker 3
a: Evoke Invisibility


You were on level 5 of the Dungeon.
You visited 1 branch of the dungeon, and saw 5 of its levels.

You collected 84 gold pieces.

Inventory:

Hand Weapons
 a - a +2 dagger (weapon)
Missiles
 d - 6 poisoned darts (quivered)
 e - 3 curare-tipped darts
 h - 12 stones
Armour
 b - a +0 robe (worn)
 c - a +0 cloak
 i - a scarf of invisibility (worn)
Scrolls
 f - 2 scrolls of blinking {unknown}
 g - a scroll of identify {unknown}
 k - a scroll of amnesia {unknown}
 l - a scroll of immolation {unknown}
Potions
 j - a potion of flight {unknown}
 m - a potion of lignification {unknown}


   Skills:
 + Level 2.5 Fighting
 + Level 3.1 Short Blades
 - Level 2.1 Throwing
 - Level 1.2 Dodging
 * Level 5.9 Stealth


You had one spell level left.
You didn't know any spells.
Your spell library was empty.

Dungeon Overview and Level Annotations

Branches:
Dungeon (5/15)
 Temple: D:4-7

Altars:


Innate Abilities, Weirdness & Mutations

You are small and have problems with some larger weapons.
You are completely attuned to the shadows.


Message History

The black bear barely misses you.
You hit the black bear but do no damage.
The black bear is severely wounded.
The black bear barely misses you. The black bear closely misses you.
The black bear claws you.
You hit the black bear.
The black bear is severely wounded.
The black bear bites you.
The black bear claws you but does no damage.
The black bear misses you.
Throw: 9 darts (poison)
Press: ? - help, Q - select action, (/) - cycle Shift-Dir - straight line, f - black bear
Aim: a black bear (severely wounded, 69% to hit)
You throw a poisoned dart. The poisoned dart hits the black bear.
The black bear is poisoned.
The black bear is severely wounded.
The black bear bites you but does no damage.
The black bear claws you. The black bear closely misses you.
The black bear bites you. The black bear misses you.
The black bear claws you but does no damage.
Throw: 8 darts (poison)
Press: ? - help, Q - select action, (/) - cycle Shift-Dir - straight line, f/p - black bear
Aim: a black bear (severely wounded, poisoned, 69% to hit)
You throw a poisoned dart.
The poisoned dart barely misses the black bear.
The black bear misses you. The black bear claws you.
* * * LOW HITPOINT WARNING * * *
The black bear misses you.
The black bear goes berserk!
The black bear looks more healthy.
Throw: 7 darts (poison)
Press: ? - help, Q - select action, (/) - cycle Shift-Dir - straight line, f/p - black bear
Aim: a black bear (severely wounded, berserk, 69% to hit)
You throw a poisoned dart. The poisoned dart hits the black bear.
The black bear is poisoned.
The black bear is severely wounded.
The black bear bites you.
* * * LOW HITPOINT WARNING * * *
The black bear claws you.
You die...

#.........#
#..##...###
#.......#
#.....##
###.###.#
#...# #...
#...#######
#.####....#
#.@h(.....#
#.........#
#.......###
#......(#
#.......#
........
........


You could see a black bear (berserk, poisoned).

Vanquished Creatures
  An adder (D:2)
  4 quokkas
  2 bats (D:2)
  A rat (D:1)
8 creatures vanquished.

Notes
Turn   | Place    | Note
-------+----------+-------------------------------------------
     0 | D:1      | Farfigtubin the Kobold Brigand began the quest for the Orb.
     0 | D:1      | Reached XP level 1. HP: 12/12 MP: 1/1
   295 | D:2      | Reached XP level 2. HP: 18/18 MP: 2/2
   449 | D:4      | Noticed a scorpion
   464 | D:5      | Entered Level 5 of the Dungeon
   487 | D:5      | Noticed a black bear
   500 | D:5      | Slain by a black bear

Illustrated notes

Levels and vault maps discovered:
D:1:      amcnicky_arrival_underground_garden, layout_loops_ring,
          serial_co_window_serial, co_window_corner_a,
          co_window_of_opportunity_a, co_window_corner_a, co_window_paths_a,
          co_window_of_opportunity_a, co_window_paths_c, co_window_2corner,
          co_window_of_opportunity_b, glass_columns_b, glass_columns_b,
          glass_columns_a, chequers_avenue
D:2:      layout_rooms
D:3:      minmay_wonky_spiral, layout_basic, ebering_ecumenical_altar_hall,
          grunt_ministairs_2
D:4:      layout_basic, kennysheep_mini
D:5:      minmay_octagon_keep, layout_basic, serial_shops,
          nicolae_shop_hallway_stairs, nrook_mini_vaults, dk_noncrumbling_3,
          minmay_crystal_room, uniq_duvessa, uniq_edmund, uniq_blork_the_orc,
          uniq_ijyb

Skill      XL: |  1 |
---------------+----+-----
Short Blades   | 3 |  3.1
Fighting       | |  2.5
Throwing       | |  2.1
Dodging        | |  1.2
Stealth        | |  5.9

Action                     || total
---------------------------++-------
  Melee: Dagger            ||    20
  Throw: Dart              ||     3
   Stab: Sleeping          ||     5
         Distracted        ||     1
 Armour: Robe              ||     5
  Dodge: Dodged            ||    21

Table legend: (Time is in decaauts)
 A = Elapsed time spent in this place.
 B = Non-inter-level travel time spent in this place.
 C = Inter-level travel time spent in this place.
 D = Time resting spent in this place.
 E = Time spent auto-exploring this place.
 F = Levels seen in this place.
 G = Mean time per level.
                   A        B        C        D        E       F      G
               +--------+--------+--------+--------+--------+-----+--------+
         Total |    495 |    495 |      0 |      7 |      0 |   5 |   99.0 |
       Dungeon |    495 |    495 |      0 |      7 |      0 |   5 |   99.0 |
               +--------+--------+--------+--------+--------+-----+--------+

Top non-repeatable levels by time:
     D:2: 264 daAuts
     D:1: 106 daAuts
     D:3: 64 daAuts
     D:5: 35 daAuts
     D:4: 25 daAuts
